 Dungeon Sprint DCSS version 0.28-a0-828-g0121872642 (webtiles) character file.

Game seed: 10203429511743556139

4580 boopmooplesden the Tortoise (level 10, -1/111 HPs)
             Began as a Minotaur Fighter on Nov 10, 2021.
             Was a High Priest of Okawaru.
             Slain by a basilisk (9 damage)
             ... in the Dungeon (Sprint VII: "The Pits").
             The game lasted 00:03:43 (1132 turns).

boopmooplesden the Tortoise (Minotaur Fighter)      Turns: 1132, Time: 00:03:44

Health: -1/111     AC: 20    Str: 24    XL:     10   Next: 18%
Magic:  12/12      EV:  9    Int:  5    God:    Okawaru [*****.]
Gold:   0          SH:  7    Dex: 10    Spells: 9/9 levels left

rFire   + . .      SeeInvis .   t - +2 scimitar (flame)
rCold   . . .      Faith    .   c - +0 buckler
rNeg    . . .      Spirit   .   u - +3 plate armour
rPois   .          Reflect  .   (helmet restricted)
rElec   .          Harm     .   (no cloak)
rCorr   .          Rampage  .   (no gloves)
Will    .....      NoTele   +   (no boots)
Stlth   ..........              (no amulet)
HPRegen 0.28/turn               (no ring)
MPRegen 0.13/turn               (no ring)

@: on berserk cooldown, slowed, very slow
A: horns 2, retaliatory headbutt, camouflage 1, fire resistance 1, robust 1,
MP-powered wands
a: Renounce Religion, Heroism, Finesse


You were in the Dungeon.
You worshipped Okawaru.
Okawaru was extremely pleased with you.
You visited 1 branch

Inventory:

Hand Weapons
 a - a +0 long sword
 f - a +1 long sword of holy wrath
 k - a +2 falchion
 s - a +2 rapier of electrocution
 t - a +2 scimitar of flaming (weapon)
Armour
 b - a +0 scale mail
 c - a +0 buckler (worn)
 d - a +2 plate armour
 u - a +3 plate armour (worn)
Jewellery
 q - a +3 ring of intelligence
 r - a +3 ring of evasion
Wands
 p - a wand of polymorph (8)
 v - a wand of flame (13)
Scrolls
 j - a scroll of blinking
 m - 5 scrolls of amnesia
 n - a scroll of summoning
Potions
 e - 8 potions of curing
 g - 3 potions of haste
 h - 4 potions of magic
 i - 5 potions of berserk rage
 l - 2 potions of invisibility
 o - 2 potions of heal wounds
 w - a potion of lignification {unknown}


   Skills:
 + Level 13.5 Fighting
 + Level 15.4 Long Blades
 + Level 15.8 Armour
 + Level 3.8 Dodging
 + Level 12.6 Shields
 + Level 4.1 Invocations


You had 9 spell levels left.
You didn't know any spells.
Your spell library was empty.

Dungeon Overview and Level Annotations

Branches:
Dungeon (1/1)

Altars:
Ashenzari
Cheibriados
Dithmenos
Elyvilon
Fedhas
Gozag
Hepliaklqana
Kikubaaqudgha
Makhleb
Nemelex Xobeh
Okawaru
Qazlal
Ru
Sif Muna
Trog
Uskayaw
Vehumet
Wu Jian
Xom
Yredelemnul
Zin
The Shining One
Beogh
Jiyva
Lugonu


Innate Abilities, Weirdness & Mutations

You have a pair of horns on your head.
You reflexively headbutt those who attack you in melee.
Your skin changes colour to match your surroundings (Stealth+).
Your flesh is heat resistant. (rF+)
You are robust. (+10% HP)
You expend magic power (3 MP) to strengthen your wands.


Message History

Your plate armour prevents you from hitting the basilisk.
The basilisk is moderately wounded.
The basilisk bites you!
* * * LOW HITPOINT WARNING * * *
You closely miss the basilisk.
The basilisk is moderately wounded.
Grum hits you with a -2 spear!
* * * LOW HITPOINT WARNING * * *
You slice Grum!! You burn Grum!
Grum is heavily wounded.
The basilisk gazes at you.
You are slowing down.
You slice Grum!! You burn Grum!
You kill Grum!
Okawaru accepts your kill. The basilisk barely misses you.
You furiously retaliate!
You headbutt the basilisk!
Your limbs are stiffening.
Items here: ! ) [ †.
You feel a strong urge to attack something.
You are no longer berserk.
You are exhausted.
You feel yourself slow down.
You have turned to stone.
The basilisk bites you but does no damage.
The basilisk gazes at you. You resist with some effort.
The basilisk gazes at you. The basilisk bites you.
The basilisk gazes at you. x2
The basilisk bites you!
* * * LOW HITPOINT WARNING * * *
The basilisk gazes at you. You resist with some effort. The basilisk bites you!
* * * LOW HITPOINT WARNING * * *
You turn to flesh and can move again.
Unknown command.
You barely miss the basilisk. Your headbutt misses the basilisk.
The basilisk is severely wounded.
The basilisk bites you!
You die...

................+
......#..#......#
................#
###'#####''#####
.......##''#
.......##..#
.......##.†# +#
...<...##†.# ##.##
.......##..# ##@..##
.......##..####.l...#
.......##...##).....#
#########....†......+
#########...##......#
..#..[[##..####.....#
..#...[##..# ##...##
..'...)##..# ##.##
..#..).##..# +#


You could see a basilisk.

Vanquished Creatures
  A sea snake (D)
  A bog body (D)
  A lindwurm (D)
  A rust devil (D)
  An elephant (D)
  Grinder (D)
  6 dream sheep (D)
  A flying skull (D)
  Grum (D)
  Duvessa (D)
  A water moccasin (D)
  3 wolves (D)
  A gnoll sergeant (D)
  Dowan (D)
  5 wights (D)
  A crimson imp (D)
  A hound (D)
  2 hell rats (D)
  4 gnolls (D)
  An adder (D)
  An ufetubus (D)
  A bat (D)
  2 endoplasms (D)
  A hobgoblin (D)
  4 jackals (D)
  2 ball pythons (D)
  A frilled lizard (D)
  2 kobolds (D)
  A rat (D)
50 creatures vanquished.

Vanquished Creatures (others)
  A jackal (D)
1 creature vanquished.

Grand Total: 51 creatures vanquished

Notes
Turn   | Place    | Note
-------+----------+-------------------------------------------
     0 | D        | boopmooplesden the Minotaur Fighter began the quest for the
                  | Orb.
     0 | D        | Reached XP level 1. HP: 19/19 MP: 0/0
    36 | D        | Found a bloodstained altar of Trog.
    36 | D        | Found a shimmering blue altar of Sif Muna.
    36 | D        | Found a viscous altar of Jiyva.
    36 | D        | Found a hazy altar of Hepliaklqana.
    36 | D        | Found an opulent altar of Gozag.
    37 | D        | Found a glowing golden altar of the Shining One.
    37 | D        | Found a glowing silver altar of Zin.
    37 | D        | Found a basalt altar of Yredelemnul.
    37 | D        | Found a shimmering altar of Xom.
    37 | D        | Found an ornate altar of the Wu Jian Council.
    37 | D        | Found a sacrificial altar of Ru.
    37 | D        | Found a stormy altar of Qazlal.
    37 | D        | Found an iron altar of Okawaru.
    37 | D        | Found a sparkling altar of Nemelex Xobeh.
    37 | D        | Found a burning altar of Makhleb.
    37 | D        | Found a blossoming altar of Fedhas.
    37 | D        | Found a white marble altar of Elyvilon.
    37 | D        | Found a shadowy altar of Dithmenos.
    37 | D        | Found a snail-covered altar of Cheibriados.
    39 | D        | Found a corrupted altar of Lugonu.
    39 | D        | Found a radiant altar of Vehumet.
    40 | D        | Found a broken altar of Ashenzari.
    40 | D        | Found an ancient bone altar of Kikubaaqudgha.
    40 | D        | Found a hide-covered altar of Uskayaw.
    46 | D        | Became a worshipper of Warmaster Okawaru
    61 | D        | Reached XP level 2. HP: 20/28 MP: 1/1
   145 | D        | Noticed a gnoll sergeant
   156 | D        | Reached skill level 5 in Fighting
   156 | D        | Reached skill level 5 in Armour
   156 | D        | Reached skill level 5 in Shields
   158 | D        | Reached XP level 3. HP: 14/36 MP: 2/2
   164 | D        | Killed a gnoll sergeant
   165 | D        | Reached skill level 1 in Dodging
   165 | D        | Reached XP level 4. HP: 44/45 MP: 3/3
   166 | D        | Reached * piety under Okawaru
   251 | D        | Reached skill level 5 in Long Blades
   251 | D        | Reached XP level 5. HP: 41/52 MP: 1/4
   263 | D        | Reached XP level 6. HP: 16/62 MP: 2/5
   274 | D        | Noticed Duvessa
   276 | D        | Noticed a water moccasin
   282 | D        | Noticed Dowan
   283 | D        | Killed Duvessa
   284 | D        | Reached skill level 10 in Armour
   289 | D        | Killed a water moccasin
   289 | D        | Reached ** piety under Okawaru
   290 | D        | Reached XP level 7. HP: 44/70 MP: 2/6
   294 | D        | Killed Dowan
   299 | D        | Noticed Grinder
   310 | D        | Killed Grinder
   311 | D        | Reached skill level 10 in Fighting
   311 | D        | Reached skill level 10 in Long Blades
   311 | D        | Reached skill level 10 in Shields
   487 | D        | Noticed a rust devil
   514 | D        | HP: 1/72 [rust devil (12)]
   518 | D        | Killed a rust devil
   518 | D        | Reached *** piety under Okawaru
   519 | D        | Reached skill level 1 in Invocations
   519 | D        | Reached XP level 8. HP: 12/80 MP: 4/8
   816 | D        | Noticed a flying skull
   818 | D        | Killed a flying skull
   845 | D        | Noticed a lindwurm
   855 | D        | Killed a lindwurm
   898 | D        | Gained mutation: Your skin changes colour to match your
                  | surroundings (Stealth+). [potion of mutation]
   898 | D        | Gained mutation: You expend magic power (3 MP) to
                  | strengthen your wands. [potion of mutation]
   898 | D        | Gained mutation: Your flesh is heat resistant. (rF+)
                  | [potion of mutation]
   898 | D        | Gained mutation: You are robust. (+10% HP) [potion of
                  | mutation]
  1048 | D        | Noticed a sea snake
  1048 | D        | Noticed a bog body
  1055 | D        | Killed a sea snake
  1056 | D        | Reached XP level 9. HP: 99/99 MP: 6/10
  1058 | D        | Killed a bog body
  1058 | D        | Reached **** piety under Okawaru
  1074 | D        | Noticed an elephant
  1074 | D        | Noticed Grum
  1090 | D        | Reached skill level 15 in Armour
  1107 | D        | Reached ***** piety under Okawaru
  1108 | D        | Reached skill level 15 in Long Blades
  1108 | D        | Reached XP level 10. HP: 29/111 MP: 9/11
  1112 | D        | Killed an elephant
  1119 | D        | Killed Grum
  1132 | D        | Slain by a basilisk

Illustrated notes

Levels and vault maps discovered:
D:        pitsprint [storerooms_1, entrance_room_1, metal_vault_3, armoury_1,
          mini_pit_1, grid_room_1, main_hall_1, silver_pit, the_coven_1,
          the_vestibule_1, steel_vault_4, golden_pit, hallway_of_sentries,
          crystal_vault_3, iron_vault_5, final_vault]

Skill      XL: |  1  2  3  4  5  6  7  8  9 10 |
---------------+-------------------------------+-----
Fighting       | 4 5 6 7 8 9 10 11 13 | 13.5
Armour         | 4 5 6 7 9 10 12 14 15 | 15.8
Shields        | 4 5 6 7 8 9 10 11 12 | 12.6
Long Blades    | 3 4 5 6 8 11 13 15 | 15.4
Dodging        | 1 2 3 |  3.8
Invocations    | 1 2 3 4 |  4.1

Action                   |  1- 3 |  4- 6 |  7- 9 | 10-12 || total
-------------------------+-------+-------+-------+-------++-------
Melee: Falchion          |    14 |     6 |       |       ||    20
       Long sword        |     2 |    25 |    72 |       ||    99
       Headbutt          |       |     8 |    21 |     3 ||    32
       Scimitar          |       |       |    33 |    11 ||    44
Invok: Heroism           |       |     2 |     6 |       ||     8
  Use: Potion            |     2 |     1 |     3 |     1 ||     7
Armor: Scale mail        |     6 |     1 |       |       ||     7
       Plate armour      |       |    11 |    18 |     3 ||    32
Dodge: Dodged            |    10 |    12 |    23 |     2 ||    47
Block: Buckler           |     7 |     8 |    29 |     3 ||    47

Table legend: (Time is in decaauts)
 A = Elapsed time spent in this place.
 B = Non-inter-level travel time spent in this place.
 C = Inter-level travel time spent in this place.
 D = Time resting spent in this place.
 E = Time spent auto-exploring this place.
 F = Levels seen in this place.
 G = Mean time per level.
                   A        B        C        D        E       F      G
               +--------+--------+--------+--------+--------+-----+--------+
         Total |   1100 |   1100 |      0 |    603 |      0 |   1 | 1100.0 |
       Dungeon |   1100 |   1100 |      0 |    603 |      0 |   1 | 1100.0 |
               +--------+--------+--------+--------+--------+-----+--------+

Top non-repeatable levels by time:
       D: 1100 daAuts
